 Dungeon Sprint DCSS version 0.27.1-1-g398f81649c (webtiles) character file.

Game seed: 13973009771780643692

22061 ugugthedestroyer the Blood Saint (level 12, -3/103 HPs)
             Began as a Demonspawn Abyssal Knight on Sept 7, 2021.
             Was the Champion of Lugonu.
             Slain by an elephant (5 damage)
             ... summoned by a spriggan berserker
             ... in the Dungeon (Sprint VII: "The Pits").
             The game lasted 00:17:12 (2892 turns).

ugugthedestroyer the Blood Saint (DsAK)             Turns: 2892, Time: 00:17:12

Health: -3/103     AC: 24    Str: 17    XL:     12   Next: 59%
Magic:  9/29       EV: 18    Int: 14    God:    Lugonu [******]
Gold:   29         SH:  4    Dex: 13    Spells: 11/11 levels left

rFire    . . .     SeeInvis .   m - +9 flail (distort)
rCold    . . .     Faith    .   (no shield)
rNeg     . . .     Spirit   .   b - +3 leather armour
rPois    .         Reflect  .   (helmet restricted)
rElec    .         Harm     .   q - +1 cloak
rCorr    .         Rampage  .   r - +1 pair of gloves
Will     .....     NoTele   +   (no boots)
Stlth    +.........             (no amulet)
HPRegen  0.27/turn              n - +3 ring of evasion
MPRegen  0.21/turn              o - +3 ring of protection

@: sanguine armoured, mesmerised
A: antennae 1, foul stench 2, icemail 1, sanguine armour 1, condensation shield
a: Renounce Religion, Bend Space, Banish, Corrupt


You were in the Dungeon.
You worshipped Lugonu.
Lugonu was exalted by your worship.
You visited 1 branch You collected 29 gold pieces.

Inventory:

Hand Weapons
 a - a +1 mace
 i - a +2 mace
 m - a +9 flail of distortion (weapon)
 s - the +2 morningstar of the Morning {spect, rF+}
   (You found it in the Dungeon)

   When its wielder attacks, the weapon's spirit leaps out and strikes again.
   The spirit shares a part of any damage it takes with its wielder.
   rF:        It protects you from fire.
Armour
 b - a +3 leather armour (worn)
 q - a +1 cloak (worn)
 r - a +1 pair of gloves (worn)
Jewellery
 n - a +3 ring of evasion (left hand)
 o - a +3 ring of protection (right hand)
 z - a ring of positive energy
 B - a ring of poison resistance
Wands
 y - a wand of polymorph (12)
 A - a wand of flame (12)
Scrolls
 h - a scroll of enchant armour
 k - 5 scrolls of amnesia
 t - 2 scrolls of identify
Potions
 c - 5 potions of curing
 d - a potion of heal wounds
 e - a potion of haste
 f - a potion of magic
 g - 5 potions of berserk rage
 j - a potion of invisibility
 p - 2 potions of might
 v - 3 potions of brilliance
 w - a potion of resistance


   Skills:
 + Level 12.3 Fighting
 + Level 12.9 Maces & Flails
 + Level 6.3 Armour
 + Level 9.4 Dodging
 - Level 0.9 Stealth
 + Level 6.3 Shields
 O Level 27 Invocations


You had 11 spell levels left.
You didn't know any spells.
Your spell library contained the following spells:

 Spells                   Type           Power      Damage    Failure   Level
 Ignite Poison            Fire/Tmut/Pois 0%         N/A       71%         3
 Eringya's Noxious Bog    Tmut/Pois      0%         N/A       100%        6
 Disjunction              Tloc           0%         N/A       100%        8


Dungeon Overview and Level Annotations

Branches:
Dungeon (1/1)

Altars:

Annotations:
D corrupted


Innate Abilities, Weirdness & Mutations

You have a pair of small antennae on your head.
You sometimes emit foul miasma when damaged in melee.
A meltable icy envelope protects you from harm. (AC +4)
When seriously injured, your bleeding wounds create armour. (AC +6)
A meltable shield of frost defends you. (SH +4)


Message History

You block the polar bear's attack.
You bludgeon the polar bear!!
Space bends around the polar bear.
The polar bear is heavily wounded.
The polar bear is engulfed in dark miasma.
The polar bear is poisoned.
The polar bear barely misses you. The polar bear misses you.
The polar bear barely misses you.
You sock the polar bear!
The polar bear is devoured by a tear in reality.
The spriggan berserker hits you but does no damage.
The spriggan berserker hits you but does no damage.
You closely miss the spriggan berserker.
The elephant trumpets!
You miss the spriggan berserker.
The spriggan berserker hits you but does no damage.
You sock the spriggan berserker!
The spriggan berserker is lightly wounded.
The spriggan berserker hits you with a +0 flail.
You miss the spriggan berserker.
The spriggan berserker is lightly wounded.
The spriggan berserker hits you with a +0 flail!
* * * LOW HITPOINT WARNING * * *
You miss the spriggan berserker.
The spriggan berserker is lightly wounded.
You block the elephant's attack. The elephant closely misses you.
The spriggan berserker hits you with a +0 flail!
* * * LOW HITPOINT WARNING * * *
The elephant rages.
Okay, then.
Press: ? - help, Shift-Dir - straight line, f - spriggan berserker
Aim: a spriggan berserker, wielding a +0 flail and wearing a +0 animal skin (lightly wounded, regenerating, strong-willed, chance to affect: 0%)
Okay, then.
The elephant misses you. The elephant closely misses you.
The merfolk siren chants a haunting song.
You are mesmerised by the merfolk siren!
The spriggan berserker closely misses you.
The elephant tramples you!
* * * LOW HITPOINT WARNING * * *
You hold your ground!
You emit a cloud of foul miasma!
The elephant trunk-slaps you.
You die...

#.+[.#.##..# #.#..+.##i.#
###++###########.+))#.##..#
..........##..##.##+#.##..#
#..#......##..##......##..#
..........''..##########..#
..........''..##########e.#
#..#......##.....Y.....m..#
..........##....@i........#{
###''############.#####.###
.##''#########.#### #.###### ####
.##......'..'...### .......###...
.##......'#.'.....## #....##....#
.##.....###.##..#..###...)#..#.##
.##...###....###..#.#....#.....#.
.##..##........#.#.###.##).#.#.#.
.##''#...#..#...#.##.#.#รท).....##


You could see an elephant (summoned, berserk), a spriggan berserker
(regenerating, strong-willed) and a merfolk siren (mesmerising).

Vanquished Creatures
  A two-headed ogre (shapeshifter) (D)
  4 elephants (D)
  A wandering mushroom (D)
  3 redbacks (D)
  A water elemental (D)
  2 tarantellas (D)
  A steam dragon (D)
  2 floating eyes (D)
  2 orc warriors (D)
  4 wolves (D)
  A centaur (D)
  2 bullfrogs (D)
  A gnoll sergeant (D)
  An earth elemental (D)
  A crimson imp (D)
  A quasit (D)
  A mummy (D)
  An adder (D)
  4 gnolls (D)
  A river rat (D)
  A white imp (D)
  4 orcs (D)
  A bat (D)
  A bat skeleton (D)
  2 giant cockroaches (D)
  A quokka (D)
  A ball python (D)
  A frilled lizard (D)
  3 kobolds (D)
  A quokka skeleton (D)
  A quokka zombie (D)
52 creatures vanquished.

Vanquished Creatures (others)
  An ogre mage (D)
  3 two-headed ogres (D)
  A deep elf zephyrmancer (D)
  A manticore (D)
  A smoke demon (D)
  An eye of devastation (D)
  A rime drake (D)
  A komodo dragon (D)
  4 blink frogs (D)
  A flying skull (D)
  A ynoxinul (D)
  Grum (D)
  An ice beast (D)
  3 wolves (D)
  4 ogres (D)
  4 killer bees (D)
  A hell rat (D)
  A river rat (D)
  3 orcs (D)
  A frilled lizard (D)
  13 foxfires (D)
  6 starspawn tentacles (D)
54 creatures vanquished.

Grand Total: 106 creatures vanquished

Notes
Turn   | Place    | Note
-------+----------+-------------------------------------------
     0 | D        | ugugthedestroyer the Demonspawn Abyssal Knight began the
                  | quest for the Orb.
     0 | D        | Reached XP level 1. HP: 18/18 MP: 2/2
    17 | D        | Reached skill level 3 in Invocations
    57 | D        | Reached ** piety under Lugonu
   317 | D        | Noticed a floating eye
   321 | D        | Killed a floating eye
   322 | D        | Reached skill level 1 in Dodging
   322 | D        | Reached skill level 6 in Invocations
   322 | D        | Gained mutation: A meltable shield of frost defends you.
                  | (SH +4) [demonic ancestry]
   322 | D        | Reached XP level 2. HP: 24/29 MP: 4/6
   322 | D        | Gained mutation: You may rarely emit foul miasma when
                  | damaged in melee. [demonic ancestry]
   322 | D        | Reached XP level 3. HP: 30/35 MP: 4/7
   322 | D        | Gained mutation: You have a pair of small antennae on your
                  | head. [demonic ancestry]
   322 | D        | Reached XP level 4. HP: 35/41 MP: 4/8
   414 | D        | Reached *** piety under Lugonu
   415 | D        | Gained mutation: A meltable icy envelope protects you from
                  | harm. (AC +4) [demonic ancestry]
   415 | D        | Reached XP level 5. HP: 25/48 MP: 9/9
   608 | D        | Noticed a centaur
   608 | D        | Noticed a floating eye
   609 | D        | Reached **** piety under Lugonu
   609 | D        | Banished a centaur
   610 | D        | Reached skill level 5 in Maces & Flails
   610 | D        | Reached skill level 1 in Shields
   610 | D        | Reached skill level 7 in Invocations
   614 | D        | Paralysed by a floating eye for 4 turns
   618 | D        | Killed a floating eye
   619 | D        | Reached skill level 8 in Invocations
   619 | D        | Reached XP level 6. HP: 57/57 MP: 6/12
   645 | D        | Reached ***** piety under Lugonu
   652 | D        | Noticed a flying skull
   660 | D        | Reached skill level 9 in Invocations
   660 | D        | Gained mutation: You sometimes emit foul miasma when
                  | damaged in melee. [demonic ancestry]
   660 | D        | Reached XP level 7. HP: 54/64 MP: 7/14
   660 | D        | Banished a flying skull
   661 | D        | Reached skill level 10 in Invocations
   746 | D        | Noticed a boulder beetle
   746 | D        | Noticed a smoke demon
   750 | D        | Reached skill level 5 in Armour
   750 | D        | Reached skill level 11 in Invocations
   750 | D        | Banished a smoke demon
   751 | D        | Reached skill level 12 in Invocations
   751 | D        | Reached XP level 8. HP: 72/72 MP: 2/17
   762 | D        | Banished a boulder beetle
   763 | D        | Reached skill level 10 in Fighting
   763 | D        | Reached skill level 15 in Invocations
   825 | D        | Got the +2 morningstar of the Morning {spect, rF+}
   887 | D        | Noticed a snapping turtle
   889 | D        | Banished a snapping turtle
   890 | D        | Reached skill level 16 in Invocations
   890 | D        | Gained mutation: When seriously injured, your bleeding
                  | wounds create armour. (AC +6) [demonic ancestry]
   890 | D        | Reached XP level 9. HP: 78/78 MP: 11/21
   951 | D        | Noticed a hellwing
   962 | D        | Reached skill level 17 in Invocations
   970 | D        | Reached skill level 18 in Invocations
  1019 | D        | Banished a hellwing
  1020 | D        | Reached skill level 5 in Dodging
  1020 | D        | Reached skill level 19 in Invocations
  1083 | D        | Noticed a deep elf zephyrmancer
  1098 | D        | Banished a deep elf zephyrmancer
  1099 | D        | Reached XP level 10. HP: 39/85 MP: 16/23
  1229 | D        | Noticed an orc high priest
  1242 | D        | Reached skill level 20 in Invocations
  1248 | D        | Banished an orc high priest
  1250 | D        | Reached skill level 21 in Invocations
  1266 | D        | Reached ****** piety under Lugonu
  1550 | D        | Noticed an elephant
  1554 | D        | Banished an elephant
  1555 | D        | Reached skill level 22 in Invocations
  1556 | D        | Reached skill level 10 in Maces & Flails
  1877 | D        | Noticed Grum
  1877 | D        | Noticed a death cob
  1877 | D        | Noticed a two-headed ogre
  1877 | D        | Noticed a smoke demon
  1877 | D        | Noticed a two-headed ogre
  1878 | D        | Banished a death cob
  1879 | D        | Reached skill level 23 in Invocations
  1879 | D        | Reached XP level 11. HP: 69/92 MP: 21/26
  1880 | D        | Corrupted D
  1880 | D        | Noticed a tentacled starspawn
  1880 | D        | Noticed a starcursed mass
  1880 | D        | Noticed a thrashing horror
  1884 | D        | Noticed an ogre mage
  1886 | D        | Killed Grum
  1891 | D        | Noticed a two-headed ogre
  1891 | D        | Killed a two-headed ogre
  1892 | D        | Killed a two-headed ogre
  1893 | D        | Killed an ogre mage
  1897 | D        | Killed a two-headed ogre
  1897 | D        | Noticed a deep elf zephyrmancer
  1906 | D        | Killed a deep elf zephyrmancer
  1909 | D        | Noticed a tentacled starspawn
  1912 | D        | Noticed a red very ugly thing
  2365 | D        | Identified a +9 flail of distortion (a +8 flail of
                  | protection corrupted by Lugonu)
  2365 | D        | Received a gift from Lugonu
  2372 | D        | Reached skill level 24 in Invocations
  2374 | D        | Reached skill level 5 in Shields
  2621 | D        | Noticed a boulder beetle
  2622 | D        | Banished a boulder beetle
  2690 | D        | Noticed a storm dragon
  2690 | D        | Noticed a two-headed ogre
  2694 | D        | Banished a storm dragon
  2695 | D        | Reached skill level 25 in Invocations
  2700 | D        | Killed a two-headed ogre
  2745 | D        | Got the Incunabulum of the Eleven Spines
  2803 | D        | Noticed a two-headed ogre
  2803 | D        | Noticed a two-headed ogre
  2803 | D        | Noticed a two-headed ogre
  2803 | D        | Noticed a two-headed ogre
  2803 | D        | Noticed an orc knight
  2803 | D        | Noticed an orc knight
  2804 | D        | Banished a two-headed ogre
  2804 | D        | Noticed a yaktaur captain
  2804 | D        | Noticed an orc knight
  2805 | D        | Reached skill level 26 in Invocations
  2805 | D        | Reached XP level 12. HP: 100/100 MP: 23/29
  2805 | D        | Banished a two-headed ogre
  2806 | D        | Noticed an orc warlord
  2806 | D        | Banished an orc warlord
  2806 | D        | Noticed an orc warlord
  2808 | D        | Banished a two-headed ogre
  2811 | D        | Reached skill level 27 in Invocations
  2814 | D        | Noticed a naga warrior
  2814 | D        | Noticed a vault guard
  2816 | D        | Noticed a deep elf high priest
  2816 | D        | Noticed an ogre mage
  2819 | D        | Noticed a two-headed ogre
  2827 | D        | Noticed a vault guard
  2836 | D        | Banished an orc warlord
  2843 | D        | Banished a two-headed ogre
  2846 | D        | Banished a yaktaur captain
  2892 | D        | HP: 2/103 [elephant[a spriggan berserker] (10)]
  2892 | D        | Slain by an elephant

Illustrated notes

Levels and vault maps discovered:
D:        pitsprint [storerooms_1, entrance_room_1, metal_vault_4, armoury_3,
          mini_pit_1, grid_room_1, main_hall_1, silver_pit, the_coven_3,
          the_vestibule_1, steel_vault_5, golden_pit, hallway_of_sentries,
          crystal_vault_2, iron_vault_4, final_vault]

Skill      XL: |  1  2  3  4  5  6  7  8  9 10 11 12 |
---------------+-------------------------------------+-----
Invocations    | 6 8 9 12 16 19 23 26 27 | 27.0
Fighting       | 6 7 8 9 10 11 12 | 12.3
Maces & Flails | 4 6 7 8 9 10 11 12 | 12.9
Armour         | 3 4 5 6 |  6.3
Dodging        | 1 2 3 4 5 6 8 9 |  9.4
Shields        | 1 2 3 4 5 6 |  6.3
Stealth        | |  0.9

Action                   |  1- 3 |  4- 6 |  7- 9 | 10-12 || total
-------------------------+-------+-------+-------+-------++-------
Melee: Mace              |    19 |    15 |       |       ||    34
       Flail             |       |    24 |    66 |   148 ||   238
Invok: Banish            |       |     2 |    19 |    36 ||    57
       Corrupt           |       |       |       |     1 ||     1
       Brand Weapon With |       |       |       |     1 ||     1
  Use: Potion            |       |       |     6 |    17 ||    23
       Scroll            |       |       |       |    14 ||    14
Armor: Leather armour    |     6 |    39 |    55 |   111 ||   211
Dodge: Dodged            |     9 |    52 |   100 |   245 ||   406
Block: Other             |       |    16 |    20 |    58 ||    94
